 Dungeon Crawl Stone Soup version 0.21.1-1-g345015fe64 (webtiles) character file.

214 NullDivider the Sneak (level 5, -2/36 HPs)
             Began as an Octopode Assassin on May 5, 2018.
             Slain by a scorpion (4 damage)
             ... on level 2 of the Dungeon.
             The game lasted 00:09:34 (2870 turns).

NullDivider the Sneak (Octopode Assassin)           Turns: 2870, Time: 00:09:34

Health: -2/36      AC:  1    Str: 10    XL:     5   Next: 92%
Magic:  5/5        EV: 11    Int: 14    God:
Gold:   128        SH:  6    Dex: 14    Spells: 4/4 levels left

rFire    . . .     SeeInvis .   g - +0 dagger (freeze)
rCold    . . .     Gourm    .   k - +0 shield (curse)
rNeg     . . .     Faith    .   (helmet restricted)
rPois    .         Spirit   .   (no amulet)
rElec    .         Reflect  .   m - ring of resist corrosion
rCorr    +         Harm     .   (no ring)
MR       .....                  (no ring)
Stlth    ++++......             (no ring)
HPRegen  0.12/turn              (no ring)
MPRegen  0.09/turn              (no ring)
                                (no ring)
                                (no ring)

@: lethally poisoned (-2 -> -15)
A: almost no armour, stealthy swim, amphibious, 8 rings, constrict 8, camouflage
1, gelatinous body 1
a: no special abilities


You were on level 2 of the Dungeon.
You were not hungry.

You visited 1 branch of the dungeon, and saw 3 of its levels.

You collected 128 gold pieces.

Inventory:

Hand Weapons
 a - a +2 dagger
 b - a +0 blowgun
 g - a +0 dagger of freezing (weapon)
Missiles
 c - 20 poisoned needles
 d - 2 curare-tipped needles
Armour
 k - a cursed +0 shield (worn)
Jewellery
 m - a ring of resist corrosion (left tentacle)
Wands
 o - a wand of random effects (35)
Scrolls
 h - a scroll of magic mapping {unknown}
 i - 3 scrolls of teleportation
 l - a scroll of identify {unknown}
 p - a scroll of enchant weapon {unknown}
Potions
 e - 3 potions of berserk rage {unknown}
 j - 3 potions of curing {unknown}
 n - a potion of flight {unknown}
 r - a potion of cancellation {unknown}
Comestibles
 f - 9 rations
 q - 4 chunks of flesh


   Skills:
 * Level 3.4 Fighting
 * Level 3.3 Short Blades
 + Level 2.7 Throwing
 * Level 2.7 Dodging
 + Level 6.1 Stealth


You had 4 spell levels left.
You didn't know any spells.

Dungeon Overview and Level Annotations

Branches:
Dungeon (3/15)

Altars:
Cheibriados

Annotations:
D:2 Robin
D:3 Morrissey's ghost, amateur HaSk


Innate Abilities, Weirdness & Mutations

You cannot wear most types of armour.
You are very stealthy in the water. (Stealth+)
You are amphibious.
You can wear up to eight rings at the same time.
You can use your tentacles to constrict eight enemies at once.
Your skin changes colour to match your surroundings (Stealth+).
Your rubbery body absorbs attacks. (AC +1, EV +1)


Message History

You constrict the scorpion. Robin barely misses you. The scorpion stings you.
* * * LOW HITPOINT WARNING * * *
You are lethally poisoned!
The scorpion poisons you!
You hit the scorpion but do no damage.
The scorpion is heavily wounded.
You constrict the scorpion.
* * * LOW HITPOINT WARNING * * *
You feel sick. You block Robin's attack. You block the scorpion's attack.
You hit Robin. You freeze Robin. You grab Robin. You squeeze Robin.
Robin is heavily wounded.
You constrict the scorpion. You constrict Robin, but do no damage.
* * * LOW HITPOINT WARNING * * *
You feel sick. Robin barely misses you. You block the scorpion's attack.
Your shield prevents you from hitting the scorpion.
The scorpion is severely wounded.
You constrict the scorpion. You constrict Robin.
* * * LOW HITPOINT WARNING * * *
You feel sick. The scorpion stings you.
You die...

##################
#@g...............
#s################
#.................
#.############.###
#.# #...# #.#
###.# #.# #.# #.#
#.# #)# #..


You could see a scorpion and Robin.

Vanquished Creatures
  Jessica (D:3)
  An iguana (D:3)
  A hound skeleton (D:3)
  2 gnolls (D:1)
  6 adders
  A worm (D:3)
  2 dart slugs
  A leopard gecko (D:2)
  3 orcs (D:3)
  10 bats
  3 giant cockroaches
  16 goblins
  7 hobgoblins
  A ball python (D:2)
  3 frilled lizards
  3 kobolds
  9 rats
70 creatures vanquished.

Notes
Turn   | Place    | Note
-------+----------+-------------------------------------------
     0 | D:1      | NullDivider the Octopode Assassin began the quest for the Orb.
     0 | D:1      | Reached XP level 1. HP: 14/14 MP: 1/1
   199 | D:1      | Reached XP level 2. HP: 19/19 MP: 2/2
   466 | D:1      | Reached XP level 3. HP: 25/25 MP: 3/3
   955 | D:2      | Reached XP level 4. HP: 25/30 MP: 4/4
  1227 | D:2      | Found a snail-covered altar of Cheibriados.
  1599 | D:3      | Noticed Morrissey's ghost (amateur HaSk)
  1872 | D:3      | Noticed Jessica
  1877 | D:3      | Killed Jessica
  1877 | D:3      | Reached XP level 5. HP: 36/36 MP: 5/5
  2251 | D:3      | Reached skill level 6 in Stealth
  2385 | D:3      | Noticed Robin
  2870 | D:2      | Slain by a scorpion

Skill      XL: |  1  2  3  4  5 |
---------------+----------------+-----
Dodging        | 2 |  2.7
Fighting       | 3 |  3.4
Short Blades   | 3 |  3.3
Stealth        | 6 |  6.1
Throwing       | |  2.7

Action                   |  1- 3 |  4- 6 || total
-------------------------+-------+-------++-------
Melee: Dagger            |    47 |    99 ||   146
       Tentacles         |     5 |    15 ||    20
       Constrict         |    10 |    29 ||    39
  Use: Scroll            |       |     1 ||     1
 Stab: Distracted        |     1 |       ||     1
       Sleeping          |    13 |    10 ||    23
  Eat: Chunk             |       |     6 ||     6
Armor: Skin              |     9 |    13 ||    22
Dodge: Dodged            |    13 |    32 ||    45
Block: Shield            |     8 |    31 ||    39
